 Dungeon Crawl Stone Soup version 0.31.0-4-g52a2dc7128 (webtiles) character file.

Game seed: 2414050914060542813

236 hawla the Magician (level 5, -8/29 HPs)
             Began as a Deep Elf Fire Elementalist on Jan 22, 2024.
             Was an Initiate of Vehumet.
             Mangled by a gnoll sergeant
             ... wielding a +8 spear of venom
              (13 damage)
             ... on level 4 of the Dungeon.
             The game lasted 00:08:14 (3105 turns).

hawla the Magician (Deep Elf Fire Elementalist)     Turns: 3105, Time: 00:08:14

Health: -8/29      AC:  4    Str: 11    XL:     5   Next: 77%
Magic:  9/13       EV: 13    Int: 28    God:    Vehumet [......]
Gold:   159        SH:  0    Dex: 15    Spells: 5/12 levels left

rFire   + . .        m - +3 hand axe of the Hummingbird {spect, rF+ Int+6}
rCold   . . .        (no shield)
rNeg    . . .        a - +0 robe
rPois   .            (no helmet)
rElec   .            (no cloak)
rCorr   .            n - +0 pair of gloves
SInv    .            h - +0 pair of boots
Will    .....        g - amulet of the acrobat
Stlth   ++           e - +6 ring of strength
HPRegen 0.24/turn    (no ring)
MPRegen 0.13/turn

%: acrobat
@: lethally poisoned (-8 -> -20)
A: no striking features
a: Renounce Religion


You were on level 4 of the Dungeon.
You worshipped Vehumet.
Vehumet was noncommittal.
You visited 1 branch of the dungeon, and saw 4 of its levels.

You collected 159 gold pieces.

Inventory:

Hand Weapons
 m - the +3 hand axe of the Hummingbird (weapon) {spect, rF+ Int+6}
   (You found it on level 3 of the Dungeon)

   Int+6:     It affects your intelligence (+6).
   rF+:       It protects you from fire.
Armour
 a - a +0 robe (worn)
 h - a +0 pair of boots (worn)
 n - a +0 pair of gloves (worn)
Jewellery
 e - a +6 ring of strength (left hand)
 g - an amulet of the acrobat (around neck)
 i - a ring of positive energy
Wands
 p - a wand of charming (8)
Scrolls
 c - a scroll of noise {unknown}
 d - a scroll of blinking {unknown}
 j - 6 scrolls of identify {unknown}
 l - a scroll of fear {unknown}
 o - a scroll of enchant armour {unknown}
 q - a scroll of poison {unknown}
Potions
 b - 3 potions of magic
 f - a potion of might {unknown}
 k - a potion of cancellation {unknown}


   Skills:
 + Level 1.4 Fighting
 + Level 0.2 Axes
 + Level 3.4 Dodging
 + Level 3.5 Stealth
 - Level 4.0 Spellcasting
 + Level 3.8 Conjurations
 + Level 3.9 Fire Magic


You had 5 spell levels left.
You knew the following spells:

 Your Spells              Type           Power      Damage    Failure   Level
a - Foxfire               Conj/Fire      100%       2x1d9     1%          1
b - Scorch                Fire           54%        2d7       2%          2
c - Flame Wave            Conj/Fire      27%        2d9       16%         4

Your spell library contained the following spells:

 Spells                   Type           Power      Damage    Failure   Level
 Magic Dart               Conj           100%       1d8       1%          1
 Kiss of Death            Conj/Necr      64%        2d10      3%          1
 Sandblast                Erth           10%        2d5       8%          1
 Inner Flame              Hex/Fire       16%        N/A       10%         3
 Stone Arrow              Conj/Erth      32%        3d9       10%         3
 Volatile Blastmotes      Fire/Tloc      32%        2d12      10%         3
 Blink                    Tloc           10%        N/A       11%         2
 Call Imp                 Summ           10%        N/A       11%         2
 Confusing Touch          Hex            5%         N/A       22%         3
 Passwall                 Erth           5%         N/A       22%         3
 Brom's Barrelling Bould  Conj/Erth      16%        2d4       32%         4
 Animate Armour           Summ/Erth      10%        N/A       58%         4
 Dispel Undead            Necr           5%         3d7       58%         4
 Lehudib's Crystal Spear  Conj/Erth      8%         10d3      100%        8


Dungeon Overview and Level Annotations

Branches:
Dungeon (4/15)
 Temple: D:4-7

Altars:
Ashenzari
Cheibriados
Fedhas
Qazlal
Vehumet
The Shining One


Message History

You see here a +0 falchion.
Found 5 stones.
Found a pair of gloves.
Found an escape hatch in the floor.
q - a scroll labelled FAELELU JAUTA
j - 6 scrolls labelled JOERCH RETTOHU (gained 1)
There is a stone staircase leading down here.
A gnoll sergeant is nearby!
A gnoll sergeant is nearby!
A gnoll sergeant is nearby!
The gnoll sergeant shouts!
The gnoll sergeant closely misses you. The gnoll sergeant barely misses you.
You hit the gnoll sergeant but do no damage.
Your +3 hand axe of the Hummingbird {spect, rF+ Int+6} hits the gnoll sergeant.
The gnoll sergeant hits you with a +8 spear of venom!
You are poisoned.
You hit the gnoll sergeant.
The gnoll sergeant is lightly wounded.
The gnoll sergeant blocks your +3 hand axe of the Hummingbird {spect, rF+ Int+6}'s attack.
You feel very sick.
The gnoll sergeant hits you with a +8 spear of venom!
You are too injured to fight recklessly!
Casting: Flame Wave (extremely dangerous; 16% risk of failure)
Confirm with . or Enter, or press ? or * to list all spells.
Flames lash the gnoll sergeant.
The gnoll sergeant is heavily wounded.
The gnoll sergeant's fire resistance burns away.
Your +3 hand axe of the Hummingbird {spect, rF+ Int+6} disappears.
You feel sick.
The gnoll sergeant hits you with a +8 spear of venom.
* * * LOW HITPOINT WARNING * * *
You are lethally poisoned!
Casting: Scorch (safe; 2% risk of failure)
Confirm with . or Enter, or press ? or * to list all spells.
Flames lash the gnoll sergeant.
The gnoll sergeant is burned terribly!
The gnoll sergeant is heavily wounded.
* * * LOW HITPOINT WARNING * * *
You feel very sick.
The gnoll sergeant hits you with a +8 spear of venom!
You die...

######..................# #
#................#..#
#####..........:....%...
.........<............###
........................#
......................#
...................<..#
......................###
#.......)...>...@g......#
#......................##
#......................##
##..........#...........#
#>.........##..........>†......
#........[.....................
#...........#..##.........!....
#.(............##..............
#.........#.#. #........<.....


You could see a gnoll sergeant (combustible).

Vanquished Creatures
  A bombardier beetle (D:3)
  A hound (D:4)
  A sleepcap (D:4)
  4 adders
  3 gnolls (D:4)
  4 dart slugs
  4 orcs (D:3)
  5 endoplasms
  2 giant cockroaches
  8 hobgoblins
  4 quokkas
  7 ball pythons
  6 bats
  7 frilled lizards
  5 goblins
  6 kobolds
  7 rats
75 creatures vanquished.

Vanquished Creatures (others)
  152 foxfires
152 creatures vanquished.

Grand Total: 227 creatures vanquished

Notes
Turn   | Place    | Note
-------+----------+-------------------------------------------
     0 | D:1      | hawla the Deep Elf Fire Elementalist began the quest for
                  | the Orb.
     0 | D:1      | Reached XP level 1. HP: 10/10 MP: 6/6
   217 | D:1      | Reached XP level 2. HP: 16/16 MP: 1/8
   546 | D:1      | Learned a level 2 spell: Scorch
   672 | D:1      | Reached XP level 3. HP: 20/20 MP: 7/9
  1232 | D:2      | Found a snail-covered altar of Cheibriados.
  1341 | D:2      | Reached skill level 1 in Fighting
  1902 | D:3      | Reached XP level 4. HP: 23/25 MP: 11/11
  1912 | D:3      | Learned a level 4 spell: Flame Wave
  2022 | D:3      | Identified the +3 hand axe of the Hummingbird {spect, rF+
                  | Int+6}
  2486 | D:3      | Reached XP level 5. HP: 29/29 MP: 7/12
  2665 | D:3      | Found a stormy altar of Qazlal.
  2672 | D:3      | Found a glowing golden altar of the Shining One.
  2675 | D:3      | Found a radiant altar of Vehumet.
  2676 | D:3      | Found a broken altar of Ashenzari.
  2677 | D:3      | Found a blossoming altar of Fedhas.
  2686 | D:3      | Became a worshipper of Vehumet
  2989 | D:4      | Reached skill level 4 in Spellcasting
  3105 | D:4      | Mangled by a gnoll sergeant

Illustrated notes

Levels and vault maps discovered:
D:1:      wheals_arrival_shading, layout_basic, columned_hall_lemuel
D:2:      layout_basic, basic_altar
D:3:      layout_loops_ring, minitemple, palyth_stone_intersect,
          chequers_serial_rivers_small_3, serial_park_tiny_pond, minmay_unequal
D:4:      layout_rooms, lemuel_zombie_altar_kikubaaqudgha

Skill      XL: |  1  2  3  4  5 |
---------------+----------------+-----
Stealth        | 3 |  3.5
Fighting       | 1 |  1.4
Dodging        | 3 |  3.4
Conjurations   | 2 3 |  3.8
Spellcasting   | 4 |  4.0
Axes           | |  0.2
Fire Magic     | |  3.9

Action                     |  1- 3 |  4- 6 || total
---------------------------+-------+-------++-------
  Melee: Unarmed           |    39 |     2 ||    41
         Punch             |     1 |       ||     1
         Hand axe          |       |    18 ||    18
   Cast: Foxfire           |    63 |    27 ||    90
         Scorch            |     5 |    11 ||    16
         Flame Wave        |       |     1 ||     1
   Stab: Sleeping          |     1 |     2 ||     3
         Distracted        |       |     1 ||     1
 Armour: Robe              |    31 |    22 ||    53
  Dodge: Dodged            |    53 |    26 ||    79
